 Dungeon Crawl Stone Soup version 0.28.0-43-g3370ac3207 (webtiles) character file.

Game seed: 1132621759783915272

289 safid the Chopper (level 6, -4/52 HPs)
             Began as a Hill Orc Fighter on Mar 25, 2022.
             Slain by an ogre
             ... wielding a +0 giant spiked club
              (16 damage)
             ... on level 4 of the Dungeon.
             The game lasted 00:04:20 (3154 turns).

safid the Chopper (Hill Orc Fighter)                Turns: 3154, Time: 00:04:21

Health: -4/52      AC: 11    Str: 21    XL:     6   Next: 31%
Magic:  6/6        EV:  5    Int:  8    God:
Gold:   203        SH:  4    Dex: 10    Spells: 5/5 levels left

rFire   . . .      SeeInvis .   a - +0 war axe
rCold   . . .      Faith    .   c - +0 buckler
rNeg    . . .      Spirit   .   j - +0 plate armour
rPois   .          Reflect  .   (no helmet)
rElec   .          Harm     .   (no cloak)
rCorr   .          Rampage  .   (no gloves)
Will    .....                   (no boots)
Stlth   ..........              (no amulet)
HPRegen 0.17/turn               (no ring)
MPRegen 0.10/turn               (no ring)

@: no status effects
A: no striking features
a: no special abilities


You were on level 4 of the Dungeon.
You visited 1 branch of the dungeon, and saw 4 of its levels.

You collected 203 gold pieces.

Inventory:

Hand Weapons
 a - a +0 war axe (weapon)
Armour
 c - a +0 buckler (worn)
 j - a +0 plate armour (worn)
Scrolls
 b - a scroll of fear {unknown}
 e - a scroll of noise {unknown}
 h - a scroll of blinking {unknown}
 i - a scroll of torment {unknown}
Potions
 d - 2 potions of might
 f - 2 potions of lignification {unknown}
 g - a potion of heal wounds {unknown}
 k - a potion of flight {unknown}
 l - a potion of curing {unknown}
 m - a potion of haste {unknown}


   Skills:
 - Level 4.0 Fighting
 + Level 7.4 Axes
 - Level 4.0 Armour
 - Level 4.0 Shields


You had 5 spell levels left.
You didn't know any spells.
Your spell library was empty.

Dungeon Overview and Level Annotations

Branches:
Dungeon (4/15)
 Temple: D:4-7

Altars:
Kikubaaqudgha

Shops:
D:2 [


Message History

Unknown command.
You closely miss the necrophage.
The necrophage is lightly damaged.
The necrophage barely misses you.
Unknown command.
You closely miss the necrophage.
The necrophage is lightly damaged.
The necrophage hits you but does no damage.
Unknown command.
You hit the necrophage.
The necrophage is moderately damaged.
The necrophage barely misses you.
You slash the necrophage!
The necrophage is severely damaged.
The necrophage hits you.
You feel drained. The necrophage hits you.
You hit the necrophage.
The necrophage is almost destroyed.
The necrophage hits you but does no damage.
You slash the necrophage!
You destroy the necrophage!
Your life force feels restored.
Your Axes skill increases to level 7!
You have reached level 6!
You barely miss the ogre.
The ogre hits you with a +0 giant spiked club!
Unknown command.
You completely miss the ogre.
The ogre hits you with a +0 giant spiked club!
* * * LOW HITPOINT WARNING * * *
You hit the ogre.
The ogre is lightly wounded.
The ogre hits you with a +0 giant spiked club.
* * * LOW HITPOINT WARNING * * *
Unknown command.
You hit the ogre.
The ogre is moderately wounded.
You hit the ogre.
The ogre is heavily wounded.
The ogre hits you with a +0 giant spiked club!
You die...

. .. ... .... .....
......#######
......O@....#
......#####.# .....
#.# .... #.# ... #.#
## #.# #.# #.#
####################.#


You could see an ogre.

Vanquished Creatures
  A necrophage (D:4)
  A scorpion (D:4)
  8 adders
  A white imp (D:4)
  A worm (D:2)
  2 dart slugs (D:1)
  An orc (D:4)
  4 ball pythons
  5 bats
  3 endoplasms
  6 giant cockroaches
  4 goblins
  10 hobgoblins
  3 jackals (D:1)
  4 kobolds
  A quokka (D:2)
  2 frilled lizards (D:1)
  7 rats
64 creatures vanquished.

Vanquished Creatures (others)
  2 plants (D:1)
2 creatures vanquished.

Grand Total: 66 creatures vanquished

Notes
Turn   | Place    | Note
-------+----------+-------------------------------------------
     0 | D:1      | safid the Hill Orc Fighter began the quest for the Orb.
     0 | D:1      | Reached XP level 1. HP: 19/19 MP: 1/1
   143 | D:1      | Reached skill level 3 in Axes
   143 | D:1      | Reached XP level 2. HP: 22/27 MP: 2/2
   592 | D:1      | Reached XP level 3. HP: 32/33 MP: 3/3
   662 | D:1      | Found a faded altar of an unknown god.
  1454 | D:2      | Found Fuaget's Armour Emporium.
  1549 | D:2      | Reached XP level 4. HP: 29/40 MP: 4/4
  1723 | D:2      | Reached skill level 4 in Axes
  2400 | D:3      | Reached skill level 5 in Axes
  2644 | D:3      | Found an ancient bone altar of Kikubaaqudgha.
  2650 | D:3      | Reached XP level 5. HP: 44/46 MP: 5/5
  2774 | D:4      | Noticed an orc warrior
  2783 | D:4      | Reached skill level 6 in Axes
  3137 | D:4      | Noticed a necrophage
  3140 | D:4      | Noticed an ogre
  3149 | D:4      | Killed a necrophage
  3150 | D:4      | Reached skill level 7 in Axes
  3150 | D:4      | Reached XP level 6. HP: 47/52 MP: 6/6
  3154 | D:4      | Slain by an ogre

Illustrated notes

Levels and vault maps discovered:
D:1:      sevenhm_arrival_forest_fort_large_4, layout_basic,
          nicolae_ecumenical_lake_church, dk_noncrumbling_2, serial_bayou_pond_b
D:2:      layout_basic, serial_shops, nicolae_shop_crystal
D:3:      layout_loops_ring, kiku_gazebo_pond_becter
D:4:      layout_basic

Skill      XL: |  1  2  3  4  5 |
---------------+----------------+-----
Axes           | 3 5 7 |  7.4
Fighting       | 4 |  4.0
Armour         | 4 |  4.0
Shields        | 4 |  4.0

Action                   |  1- 3 |  4- 6 || total
-------------------------+-------+-------++-------
Melee: War axe           |    93 |    81 ||   174
Armor: Scale mail        |    26 |       ||    26
       Chain mail        |    15 |     9 ||    24
       Plate armour      |       |    31 ||    31
Dodge: Dodged            |    41 |    33 ||    74
Block: Buckler           |    21 |    14 ||    35
